 Dungeon Crawl Stone Soup version 0.31-a0-986-g5e6e4ef867 (webtiles) character file.

Game seed: 5562635645758578556

63 grandjackal the Slasher (level 3, -1/28 HPs)
             Began as a Demonspawn Gladiator on Nov 20, 2023.
             Slain by a gnoll
             ... wielding a +0 flail
              (6 damage)
             ... on level 2 of the Dungeon.
             The game lasted 00:01:27 (1635 turns).

grandjackal the Slasher (Demonspawn Gladiator)      Turns: 1635, Time: 00:01:28

Health: -1/28      AC:  4    Str: 16    XL:     3   Next: 89%
Magic:  3/3        EV: 12    Int:  9    God:
Gold:   65         SH:  0    Dex: 14    Spells: 2/2 levels left

rFire   . . .        l - +2 dagger (venom)
rCold   . . .        (no shield)
rNeg    . . .        b - +0 leather armour
rPois   .            c - +0 helmet
rElec   .            (no cloak)
rCorr   .            (no gloves)
SInv    .            (no boots)
Will    .....        (no amulet)
Stlth   +            (no ring)
HPRegen 0.24/turn    (no ring)
MPRegen 0.08/turn

%: no passive effects
@: no status effects
A: hooves 1
a: no special abilities


You were on level 2 of the Dungeon.
You visited 1 branch of the dungeon, and saw 3 of its levels.

You collected 65 gold pieces.

Inventory:

Hand Weapons
 a - a +0 long sword
 l - a +2 dagger of venom (weapon)
Missiles
 d - 2 throwing nets (quivered)
 e - a javelin
Armour
 b - a +0 leather armour (worn)
 c - a +0 helmet (worn)
Scrolls
 g - a scroll of fog {unknown}
 h - a scroll of torment {unknown}
 j - a scroll of poison {unknown}
 k - a scroll of teleportation {unknown}
Potions
 f - 3 potions of curing {unknown}
 i - a potion of brilliance {unknown}


   Skills:
 + Level 2.9 Fighting
 + Level 3.3 Long Blades
 - Level 2.0 Throwing
 + Level 3.2 Dodging


You had 2 spell levels left.
You didn't know any spells.
Your spell library was empty.

Dungeon Overview and Level Annotations

Branches:
Dungeon (3/15)

Altars:

Shops:
D:2 [


Innate Abilities, Weirdness & Mutations

You have large cloven feet.


Message History

You catch the helpless gnoll completely off-guard!
You hit the gnoll but do no damage.
The gnoll is heavily wounded.
The gnoll shouts!
The gnoll struggles against the net.
The gnoll struggles against the net.
The gnoll struggles against the net.
The gnoll struggles against the net.
A quokka comes into view.
The gnoll struggles against the net.
The net rips apart, and the gnoll comes free!
You see here a throwing net.
There are no items here.
You see here a throwing net.
d - 2 throwing nets (gained 1)
A gnoll comes into view. It is wielding a +0 whip.
The gnoll moves out of view.
There is a stone staircase leading up here.
You climb upwards.
There is a stone staircase leading down here.
You start resting.
HP restored.
Your +2 dagger of venom begins to drip with poison!
l - a +2 dagger of venom (weapon)
You climb downwards.
The quokka barely misses you. The gnoll hits you with a +0 flail!
The quokka closely misses you.
There is a stone staircase leading up here.
The gnoll hits you with a +0 flail!
The gnoll hits you from afar with a +0 halberd!
* * * LOW HITPOINT WARNING * * *
The quokka misses you.
You climb upwards.
There is a stone staircase leading down here.
Unknown command.
The gnoll attacks as it pursues you! The gnoll hits you but does no damage.
The quokka closely misses you. The quokka barely misses you.
There is a stone staircase leading up here.
The gnoll attacks as it pursues you! The gnoll hits you with a +0 flail.
You die...

........########....#
.........>..........#
######.###........###
#.....###.....##
#####.#
#####..########
#.#####.....#.....##
#..................##
#####...............#
#..@............#
#...gr..........#
#...............#
#...............#
##.....>.......##
##)....#.....##
#############


You could see a gnoll and a quokka.

Vanquished Creatures
  2 gnolls
  An adder (D:3)
  A dart slug (D:1)
  4 ball pythons
  2 bats
  5 endoplasms
  A giant cockroach (D:1)
  4 goblins
  A hobgoblin (D:1)
  3 quokkas
  3 frilled lizards
  4 rats
31 creatures vanquished.

Notes
Turn   | Place    | Note
-------+----------+-------------------------------------------
     0 | D:1      | grandjackal the Demonspawn Gladiator began the quest for
                  | the Orb.
     0 | D:1      | Reached XP level 1. HP: 16/16 MP: 1/1
    47 | D:1      | Gained mutation: You have large cloven feet. [demonic
                  | ancestry]
    47 | D:1      | Reached XP level 2. HP: 15/22 MP: 2/2
   712 | D:1      | Reached XP level 3. HP: 25/28 MP: 3/3
  1054 | D:2      | Found Cun Bino's Armour Shoppe.
  1516 | D:3      | HP: 1/28 [gnoll/+0 flail (9)]
  1635 | D:2      | Slain by a gnoll

Illustrated notes

Levels and vault maps discovered:
D:1:      roderic_chinese_lattice_arrival, layout_loops_ring,
          roderic_serpentine_path
D:2:      layout_rooms, serial_shops, nicolae_shop_peninsula
D:3:      layout_loops_ring, minitemple, serial_shops, shop

Skill      XL: |  1  2 |
---------------+-------+-----
Throwing       | 2 |  2.0
Long Blades    | 3 |  3.3
Dodging        | 3 |  3.2
Fighting       | |  2.9

Action                     || total
---------------------------++-------
  Melee: Long sword        ||    83
         Kick              ||    21
  Throw: Throwing net      ||     2
   Stab: Sleeping          ||     1
         Held in net/web   ||     1
 Armour: Leather armour    ||    50
  Dodge: Dodged            ||    55

Table legend: (Time is in decaauts)
 A = Elapsed time spent in this place.
 B = Non-inter-level travel time spent in this place.
 C = Inter-level travel time spent in this place.
 D = Time resting spent in this place.
 E = Time spent auto-exploring this place.
 F = Levels seen in this place.
 G = Mean time per level.
                   A        B        C        D        E       F      G
               +--------+--------+--------+--------+--------+-----+--------+
         Total |   1655 |   1602 |     53 |    103 |   1242 |   3 |  551.7 |
       Dungeon |   1655 |   1602 |     53 |    103 |   1242 |   3 |  551.7 |
               +--------+--------+--------+--------+--------+-----+--------+

Top non-repeatable levels by time:
     D:1: 837 daAuts
     D:2: 555 daAuts
     D:3: 262 daAuts
